 Dungeon Crawl Stone Soup version 0.31-a0-161-gb58dd9be76 (webtiles) character file.

Game seed: 10666047708153479927

86 qw the Chopper (level 4, -1/28 HPs)
             Began as a Gargoyle Fighter on June 12, 2023.
             Slain by Robin
             ... wielding a +2 heavy spear
              (8 damage)
             ... on level 2 of the Dungeon.
             The game lasted 00:00:44 (1193 turns).

qw the Chopper (Gargoyle Fighter)                   Turns: 1193, Time: 00:00:44

Health: -1/28      AC: 11    Str: 21    XL:     4   Next: 50%
Magic:  4/4        EV:  9    Int:  9    God:
Gold:   57         SH:  4    Dex:  9    Spells: 3/3 levels left

rFire   + . .        Y - +0 war axe
rCold   . . .        c - +0 buckler
rNeg    + . .        b - +0 scale mail
rPois   inf          (no helmet)
rElec   +            f - +0 cloak
rCorr   .            (no gloves)
SInv    .            (no boots)
Will    .....        (no amulet) Stlth
                     g - ring of protection from fire
HPRegen 0.24/turn    (no ring)
MPRegen 0.09/turn

%: no passive effects
@: no status effects
A: sickness immunity, AC +3, negative energy resistance 1, electricity
resistance, torment resistance 1, petrification resistance
a: no special abilities


You were on level 2 of the Dungeon.
You visited 1 branch of the dungeon, and saw 2 of its levels.

You collected 57 gold pieces.


Innate Abilities, Weirdness & Mutations

You are immune to sickness and miasma.
Your stone body is resilient. (AC +3)
You are immune to poison.
You resist negative energy. (rN+)
You are resistant to electric shocks. (rElec)
You are resistant to unholy torment.
You are immune to petrification.


   Skills:
 - Level 3.2 Fighting
 + Level 4.2 Axes
 - Level 3.2 Armour
 - Level 3.2 Shields


You had 3 spell levels left.
You didn't know any spells.
Your spell library was empty.

Inventory:

Hand Weapons
 e - a +0 club
 Y - a +0 war axe (weapon)
Armour
 b - a +0 scale mail (worn)
 c - a +0 buckler (worn)
 f - a +0 cloak (worn)
Jewellery
 g - a ring of protection from fire (left hand)
Scrolls
 a - a scroll of teleportation {unknown}
 h - a scroll of amnesia {unknown}
 j - a scroll of poison {unknown}
 l - a scroll of enchant armour {unknown}
Potions
 d - a potion of might
 i - a potion of invisibility {unknown}
 k - a potion of mutation {unknown}

Dungeon Overview and Level Annotations

Branches:
Dungeon (2/15)

Altars:

Annotations:
D:2 Robin


Message History

The hobgoblin no longer looks unusually strong.
The hobgoblin barely misses you. Robin hits you but does no damage.
The goblin hits you but does no damage.
You slash the goblin!
You kill the goblin!
You closely miss the hobgoblin.
The hobgoblin no longer looks unusually strong.
The hobgoblin closely misses you.
Robin roars a battlecry!
The goblins go into a battle-frenzy!
You barely miss the hobgoblin.
The goblin no longer looks unusually strong.
The hobgoblin closely misses you. Robin throws the goblin at you!
The goblin closely misses you. The hobgoblin barely misses you.
You hit the goblin.
You kill the goblin!
You closely miss the hobgoblin.
Robin roars a battlecry!
The goblin goes into a battle-frenzy!
The hobgoblin hits you.
You closely miss the hobgoblin.
The hobgoblin no longer looks unusually strong.
Robin throws the goblin at you! The hobgoblin barely misses you.
The goblin hits you with a +0 dagger. Robin throws the goblin at you!
You slash the goblin!
You kill the goblin!
You hit the goblin but do no damage. You barely miss the hobgoblin.
The goblin hits you with a +0 club. The hobgoblin completely misses you.
Robin roars a battlecry!
The hobgoblin goes into a battle-frenzy!
The goblin hits you but does no damage. The hobgoblin barely misses you.
You slash the goblin!
You kill the goblin!
You hit the hobgoblin. Robin closely misses you.
The hobgoblin hits you but does no damage.
You hit the hobgoblin.
The hobgoblin is severely wounded.
Robin hits you from afar with a +2 heavy spear!
You die...

#.# ##..####### #.#
##...####### #.#
#.........## #.#
##...####.## #.# #...#
#.## ### #.# #...# #...
##... #.####...#######
#....g####.##............
#....ggg@).##.#.#.######.
#.....###)............##.
..... ..#.###.#.#.###.##.
###g #.#.# #.....# #.##.
#.. #.#.# #.##### #.###
...# #.#.# #.# #<#
###.###.#.# #.# #.#
#........# #.# ##.#
#.#.#.#.### #.# ####..##


You could see Robin and 3 hobgoblins.

Vanquished Creatures
  4 adders (D:2)
  An adder skeleton (D:2)
  A ball python (D:2)
  A bat (D:1)
  A bat skeleton (D:2)
  3 endoplasms
  2 giant cockroaches (D:1)
  13 goblins
  4 hobgoblins
  4 jackals (D:1)
  A quokka (D:2)
  2 frilled lizards (D:1)
  A kobold (D:1)
  A quokka skeleton (D:2)
  2 rats
41 creatures vanquished.

Notes
Turn   | Place    | Note
-------+----------+-------------------------------------------
     0 | D:1      | qw the Gargoyle Fighter began the quest for the Orb.
     0 | D:1      | Reached XP level 1. HP: 14/14 MP: 1/1
     0 | D:1      | 0 ||| qw: Version: 0.2-a-29-gc1b59c4
     0 | D:1      | 0 ||| qw: Game counter: 4210
     0 | D:1      | 0 ||| qw: Always use a shield: true
     0 | D:1      | 0 ||| qw: God list: Okawaru
     0 | D:1      | 0 ||| qw: Allow faded altars: false
     0 | D:1      | 0 ||| qw: Do Orc after D:15 true
     0 | D:1      | 0 ||| qw: Do second Lair branch before Depths: true
     0 | D:1      | 0 ||| qw: Lair rune preference: random
     0 | D:1      | 0 ||| qw: Plans: Normal, Zot:1-4, Slime:5, God:TSO, Crypt,
                  | Tomb, Abyss, Pan, Hells, Win
     0 | D:1      | 0 ||| PLANNING D:1-11
    37 | D:1      | 37 ||| Stepping ~*~*~tactically~*~*~ (stealth).
    39 | D:1      | 39 ||| Stepping ~*~*~tactically~*~*~ (stealth).
    40 | D:1      | 40 ||| Stepping ~*~*~tactically~*~*~ (stealth).
    44 | D:1      | Reached skill level 2 in Axes
    53 | D:1      | 53 ||| Stepping ~*~*~tactically~*~*~ (stealth).
    54 | D:1      | 54 ||| Stepping ~*~*~tactically~*~*~ (stealth).
   123 | D:1      | Reached XP level 2. HP: 19/19 MP: 2/2
   343 | D:1      | 343 ||| Stepping ~*~*~tactically~*~*~ (stealth).
   497 | D:1      | Reached skill level 3 in Axes
   597 | D:1      | Reached XP level 3. HP: 23/23 MP: 3/3
   642 | D:1      | 642 ||| UPGRADING to +0 cloak.
   647 | D:1      | 647 ||| UPGRADING to ring of protection from fire.
   648 | D:1      | 648 ||| READING scroll labelled PUGYWA BAWUGG.
   649 | D:1      | 649 ||| DRINKING 2 sapphire potions.
   650 | D:1      | 650 ||| DRINKING 2 coppery potions.
   755 | D:1      | 755 ||| DROPPING potion of enlightenment.
   756 | D:1      | 756 ||| DROPPING potion of berserk rage.
   893 | D:2      | 893 ||| Stepping ~*~*~tactically~*~*~ (stealth).
  1030 | D:2      | Reached XP level 4. HP: 28/28 MP: 4/4
  1097 | D:2      | Reached skill level 4 in Axes
  1168 | D:2      | 1168 ||| FLEEEEING.
  1169 | D:2      | 1169 ||| FLEEEEING.
  1173 | D:2      | Noticed Robin
  1191 | D:2      | HP: 6/28 [goblin/+0 club[Robin] (5)]
  1193 | D:2      | Slain by Robin

Levels and vault maps discovered:
D:1:      dpeg_arrival_houses_and_road, layout_loops_cross
D:2:      minmay_wonky_spiral, layout_loops_ring, serial_undead,
          serial_undead_d, serial_undead_f, serial_undead_f, serial_undead_b,
          uniq_robin

Skill      XL: |  1  2  3  4 |
---------------+-------------+-----
Axes           | 2 3 4 |  4.2
Fighting       | |  3.2
Armour         | |  3.2
Shields        | |  3.2

Action                     |  1- 3 |  4- 6 || total
---------------------------+-------+-------++-------
  Melee: War axe           |    87 |    51 ||   138
    Use: Potion            |     2 |       ||     2
         Scroll            |     1 |       ||     1
 Armour: Scale mail        |    46 |    37 ||    83
  Dodge: Dodged            |    41 |    38 ||    79
  Block: Buckler           |    19 |     7 ||    26

Table legend:
 A = Non-vault XP
 B = Vault XP
 C = Vault XP percentage of total XP
 D = Non-vault monster count
 E = Vault monster count
 F = Vault count percentage of total count
                 A         B        C        D         E       F
            +---------+---------+-------+---------+---------+-------
      Total |      98 |      26 |  21.0 |      29 |      12 |  29.3
            +---------+---------+-------+---------+---------+-------
        D:1 |      34 |       0 |   0.0 |      19 |       0 |   0.0
        D:2 |      64 |      26 |  28.9 |      10 |      12 |  54.5
            +---------+---------+-------+---------+---------+-------
